Map: Blackpink LE

Players

Isszul - Winner!

  • Race: Zerg Zerg
  • League: Diamond
  • Spawn Location: 7:00

Tirael

  • Race: Protoss Protoss
  • League: Diamond
  • Spawn Location: 1:00

VOD

Have the link to the VOD?

Description

Time

  • Played on: Nov. 18, 2017, 12:16 p.m.
  • Length: 13:02
Show
View Real Time Build Order
Export as new Build Order

Isszul Zerg - Winner!

Build Orders: Hatch First 

Get SALT Encoding   

  12  0:00  Drone  
  13  0:13  Overlord  
  13  0:17  Drone  
  14  0:32  Drone x2  
  17  0:35  Drone  
  17  0:54  Hatchery  
  17  0:55  Drone  
  17  0:58  Drone  
  18  1:09  Extractor  
  17  1:14  Spawning Pool  
  17  1:16  Drone  
  17  1:24  Drone  
  18  1:31  Drone  
  19  1:40  Drone  
  20  1:51  Overlord  
  20  2:01  Queen  
  20  2:06  Queen  
  20  2:07  Zergling x4  
  26  2:13  Drone  
  27  2:29  Drone x2  
  29  2:30  Hatchery  
  29  2:34  Metabolic Boost  
  28  2:40  Overlord  
  28  2:45  Overlord  
  28  2:51  Drone  
  28  2:52  Drone  
  30  2:59  Drone x2  
  32  3:08  Drone x2  
  32  3:10  Drone x2  
  32  3:11  Drone x2  
  34  3:39  Zergling x10  
  36  3:47  Drone x2  
  38  3:50  Drone  
  38  3:59  Zergling x2  
  35  4:05  Zergling x6  
  35  4:20  Queen  
  37  4:24  Spore Crawler  
  36  4:34  Drone  
  34  4:42  Drone  
  34  4:45  Drone  
  36  4:49  Drone  
  36  4:50  Drone  
  38  4:53  Drone  
  39  5:00  Extractor  
  39  5:01  Drone  
  39  5:03  Drone x2  
  42  5:07  Drone  
  42  5:08  Drone  
  44  5:18  Drone x4  
  44  5:20  Drone  
  49  5:25  Drone x2  
  51  5:32  Drone x2  
  51  5:33  Evolution Chamber  
  51  5:35  Drone x2  
  54  5:41  Drone x2  
  56  5:43  Drone  
  57  6:03  Overlord x3  
  57  6:07  Extractor  
  57  6:08  Extractor  
  57  6:09  Drone x2  
  57  6:10  Extractor x2  
  55  6:13  Drone x2  
  55  6:18  Overlord x2  
  57  6:23  Drone x6  
  57  6:24  Drone x6  
  69  6:36  Lair  
  69  6:38  Drone  
  69  6:39  Drone x3  
  73  6:43  Spine Crawler x2, Zergling x4  
  73  6:47  Zergling x4  
  73  6:48  Zergling x4  
  73  6:50  Zergling x2  
  78  6:54  Zergling x6  
  78  6:55  Zergling x2  
  78  6:59  Queen  
  84  7:04  Zergling x4  
  84  7:05  Zergling x4  
  84  7:08  Zerg Melee Weapons Level 1  
  88  7:09  Zergling x2  
  88  7:10  Zergling x4  
  91  7:28  Zergling x14  
  97  7:35  Zergling x6  
  85  8:02  Zergling x18  
  92  8:13  Queen x3  
  98  8:28  Spore Crawler  
  98  8:31  Hatchery  
  96  8:48  Spire  
  95  8:51  Extractor, Drone x2  
  95  8:52  Drone x2  
  97  9:05  Hatchery  
  96  9:14  Zergling x4  
  96  9:15  Zergling x2  
  97  9:21  Overlord x3  
  97  9:29  Evolution Chamber  
  97  9:30  Baneling Nest, Queen, Zerg Ground Armor Level 1  
  97  9:35  Overlord x3  
  97  9:38  Queen x2  
  101  9:46  Drone x6  
  101  9:47  Drone x5  
  111  10:02  Zergling x12  
  111  10:03  Zergling x4  
  116  10:10  Zergling x6  
  118  10:20  Mutalisk x11  
  132  10:41  Drone x10  
  132  10:42  Spore Crawler  
  141  10:44  Spine Crawler  
  141  10:46  Spine Crawler, Mutalisk x3  
  141  10:47  Mutalisk x2  
  149  10:53  Zerg Flyer Weapons Level 1  
  149  10:55  Infestation Pit  
  148  10:59  Spore Crawler  
  147  11:05  Baneling x16  
  147  11:07  Zergling x2  
  148  11:11  Overseer  
  128  11:31  Zergling x28  
  128  11:32  Zergling x12  
  136  11:47  Zergling x8  
  136  11:48  Zergling x16  
  136  11:58  Zergling x6  
  136  11:59  Overlord  
  136  12:12  Zergling x14  
  136  12:27  Extractor  
  136  12:28  Extractor  
  136  12:44  Zergling x20  
  136  12:47  Baneling  
  136  12:48  Baneling x5  
Show
View Real Time Build Order
Export as new Build Order

Tirael Protoss 

Build Orders: Oracle Opening 

Get SALT Encoding   

  12  0:00  Probe (Chrono Boost)  
  13  0:11  Probe (Chrono Boost)  
  14  0:20  Probe  
  15  0:26  Pylon  
  15  0:44  Probe  
  15  0:47  Gateway  
  16  0:53  Gateway  
  16  0:56  Probe  
  17  0:58  Assimilator  
  17  1:09  Probe  
  18  1:13  Assimilator  
  18  1:21  Probe (Chrono Boost)  
  19  1:28  Pylon  
  19  1:31  Probe (Chrono Boost)  
  20  1:35  Cybernetics Core  
  20  1:37  Pylon  
  20  1:51  Probe  
  21  2:03  Probe  
  22  2:13  Pylon  
  22  2:15  Probe  
  22  2:16  Warp Gate  
  22  2:17  Adept x2  
  27  2:28  Probe  
  28  2:34  Stargate  
  28  2:44  Adept x2  
  31  3:18  Oracle (Chrono Boost)  
  34  3:50  Oracle (Chrono Boost)  
  30  4:12  Nexus  
  30  4:16  Twilight Council  
  30  4:17  Gateway  
  30  4:21  Gateway x2  
  30  4:24  Gateway  
  30  4:39  Probe  
  30  4:42  Pylon  
  31  4:51  Probe  
  32  4:58  Sentry  
  34  5:01  Resonating Glaives (Chrono Boost)  
  34  5:03  Probe  
  35  5:11  Adept  
  35  5:16  Probe  
  36  5:27  Robotics Facility  
  37  5:31  Pylon  
  37  5:32  Probe (Chrono Boost)  
  37  5:35  Probe (Chrono Boost)  
  40  5:43  Probe x2 (Chrono Boost)  
  40  5:47  Probe  
  41  5:52  Probe  
  42  6:02  Adept x4  
  42  6:03  Adept x2  
  54  6:04  Probe  
  54  6:05  Probe  
  56  6:16  Warp Prism  
  58  6:25  Pylon  
  58  6:27  Probe  
  58  6:28  Probe  
  60  6:42  Adept x5  
  70  6:57  Probe x2  
  70  6:59  Assimilator  
  72  7:02  Pylon  
  72  7:03  Assimilator  
  72  7:14  Pylon  
  72  7:34  Adept  
  72  7:35  Adept x5  
  56  7:57  Probe  
  56  7:58  Probe  
  56  8:00  Stalker x4  
  56  8:01  Stalker x2  
  66  8:11  Probe x2  
  60  8:23  Charge (Chrono Boost), Robotics Bay  
  60  8:26  Forge  
  60  8:29  Forge  
  60  8:31  Nexus  
  60  8:34  Pylon  
  60  8:47  Observer  
  61  8:53  Adept x3  
  67  9:05  Adept x3  
  67  9:09  Colossus  
  71  9:11  Extended Thermal Lance (Chrono Boost)  
  71  9:22  Protoss Ground Armor Level 1 (Chrono Boost), Protoss Ground Weapons Level 1 (Chrono Boost)  
  71  9:33  Gateway  
  71  9:36  Gateway  
  71  9:37  Shield Battery  
  71  9:40  Gateway  
  71  9:41  Probe  
  71  9:42  Probe  
  73  9:47  Probe  
  74  9:53  Probe  
  74  9:54  Probe  
  74  9:58  Zealot, Adept  
  74  9:59  Zealot  
  65  10:14  Adept x3  
  54  10:36  Zealot x3  
  54  10:37  Zealot x2  
  64  10:58  Templar Archives  
  63  11:05  Zealot x3  
  63  11:06  Zealot x2  
  73  11:16  Zealot  
  57  11:27  Stalker  
  57  11:28  Stalker x2  
Tags
 
Add a new tag
Caveats
  • Supply blocks, unpowered buildings, or Contaminate may cause inaccurate times.
  • Supply counts are checked every 10 seconds.